Map: Prion Terraces

Players

Lilbow - Winner!

  • Race: Protoss Protoss

TYTY (TY)

  • Race: Terran Terran
  • League: Diamond

Event: DreamHack ROCCAT LotV Championship

VOD

Have the link to the VOD?

Description

Time

  • Played on: Nov. 26, 2015, 12:24 p.m.
  • Length: 12:35

All games in this series

Show
View Real Time Build Order
Export as new Build Order

Lilbow Protoss - Winner!

Build Orders: 1 Gate Expand 

Get SALT Encoding   

  12  0:01  Probe (Chrono Boost)  
  13  0:11  Probe (Chrono Boost)  
  14  0:18  Pylon  
  14  0:22  Probe (Chrono Boost)  
  15  0:36  Gateway  
  15  0:37  Probe (Chrono Boost)  
  15  0:42  Assimilator  
  16  0:47  Probe (Chrono Boost)  
  17  0:58  Probe (Chrono Boost)  
  18  1:08  Probe (Chrono Boost)  
  19  1:18  Nexus  
  19  1:28  Cybernetics Core  
  19  1:33  Assimilator  
  19  1:36  Probe (Chrono Boost)  
  20  1:43  Pylon  
  20  1:46  Probe (Chrono Boost)  
  21  1:57  Probe (Chrono Boost)  
  22  2:04  Adept  
  22  2:08  Mothership Core (Chrono Boost)  
  26  2:15  Warp Gate  
  26  2:26  Probe (Chrono Boost)  
  27  2:30  Probe (Chrono Boost)  
  27  2:37  Probe (Chrono Boost)  
  29  2:40  Probe (Chrono Boost), Robotics Facility  
  30  2:44  Adept (Chrono Boost)  
  30  2:47  Probe  
  30  2:49  Probe  
  34  2:59  Probe  
  34  3:00  Probe  
  36  3:08  Adept (Chrono Boost)  
  36  3:10  Probe  
  36  3:11  Probe  
  40  3:22  Probe  
  40  3:23  Probe  
  42  3:27  Pylon, Warp Prism (Chrono Boost)  
  42  3:28  Adept  
  46  3:45  Probe  
  46  3:46  Probe  
  48  3:57  Pylon  
  48  3:58  Probe x2  
  48  3:59  Immortal (Chrono Boost)  
  54  4:15  Probe x2  
  54  4:16  Pylon  
  56  4:21  Stalker  
  58  4:29  Gateway  
  58  4:32  Gateway  
  58  4:33  Immortal (Chrono Boost)  
  62  4:43  Gateway  
  62  4:44  Gateway  
  62  4:45  Stalker  
  64  4:52  Gateway  
  64  4:53  Gateway  
  64  5:07  Gateway  
  64  5:08  Pylon  
  64  5:10  Pylon  
  64  5:17  Pylon  
  64  5:24  Adept x2  
  68  5:40  Adept x2  
  68  5:41  Adept  
  68  5:42  Adept x2  
  76  5:47  Adept  
  68  6:04  Adept  
  68  6:05  Adept x4  
  68  6:09  Sentry  
  68  6:10  Sentry, Zealot  
  64  6:24  Stalker  
  52  6:30  Warp Prism  
  52  6:32  Probe x2  
  46  6:38  Adept x4  
  46  6:39  Adept x3  
  60  6:45  Adept  
  62  6:59  Adept x3  
  62  7:00  Adept x4  
  76  7:29  Adept x6  
  88  7:30  Adept x2  
  78  7:52  Adept x6  
  78  7:55  Adept  
  70  7:59  Adept  
  62  8:12  Adept x3  
  60  8:14  Zealot x3  
  60  8:15  Zealot  
  60  8:17  Zealot  
  64  8:24  Zealot  
  58  8:38  Adept x5  
  58  8:39  Zealot x3  
  66  9:07  Adept x5  
  66  9:08  Adept  
  66  9:09  Zealot x2  
  62  9:28  Adept x4  
  62  9:29  Adept  
  62  9:32  Zealot  
  50  9:56  Nexus  
  50  10:08  Twilight Council  
  50  10:16  Assimilator  
  50  10:19  Warp Prism  
  50  10:33  Adept x5  
  50  10:34  Adept x3  
  60  10:45  Resonating Glaives (Chrono Boost)  
  60  10:55  Pylon  
  60  11:13  Adept  
  60  11:14  Adept x7  
  76  11:39  Adept  
  78  11:40  Adept x6  
  78  11:41  Adept  
  92  12:03  Adept x3  
  92  12:04  Adept x5  
  102  12:27  Adept x2  
  102  12:28  Adept x2  
Show
View Real Time Build Order
Export as new Build Order

TYTY Terran 

Build Orders: Reaper Expand 

Get SALT Encoding   

  12  0:00  SCV  
  13  0:13  SCV  
  14  0:17  Supply Depot  
  14  0:25  SCV  
  15  0:39  SCV  
  15  0:40  Barracks  
  16  0:43  Refinery  
  16  0:51  SCV  
  17  1:03  SCV  
  18  1:15  SCV  
  19  1:27  Reaper, Orbital Command  
  20  1:40  Command Center  
  20  1:50  Supply Depot  
  20  1:53  SCV  
  21  2:00  Barracks Reactor  
  21  2:05  SCV  
  22  2:17  SCV  
  22  2:21  Factory  
  23  2:29  SCV  
  24  2:35  Marine x2  
  26  2:41  SCV  
  27  2:53  Marine x2  
  27  2:55  Orbital Command  
  29  2:59  SCV  
  29  3:04  Command Center  
  30  3:07  Factory Tech Lab  
  30  3:11  Marine x2  
  32  3:14  SCV  
  33  3:26  SCV  
  34  3:28  Cyclone  
  34  3:30  Marine x2  
  34  3:31  SCV  
  40  3:38  SCV  
  40  3:40  Supply Depot  
  41  3:43  SCV  
  42  3:49  Refinery, Marine x2  
  42  3:50  SCV  
  42  3:55  SCV  
  46  4:02  SCV  
  47  4:03  Bunker  
  47  4:07  SCV  
  47  4:09  Supply Depot, Marine  
  48  4:10  Marine  
  48  4:12  Siege Tank  
  53  4:20  Supply Depot, Orbital Command  
  53  4:22  SCV  
  54  4:26  Supply Depot  
  54  4:28  Marine  
  55  4:31  SCV  
  55  4:35  SCV  
  57  4:39  Marine  
  57  4:45  Siege Tank  
  61  4:46  Marine  
  61  4:47  SCV  
  61  4:48  SCV  
  61  4:50  SCV, Bunker  
  65  4:58  Marine  
  65  4:59  SCV  
  66  5:01  SCV  
  66  5:02  SCV  
  66  5:04  Marine  
  69  5:11  SCV  
  69  5:12  Refinery  
  69  5:13  SCV, Refinery  
  72  5:14  SCV  
  72  5:18  Siege Tank  
  72  5:19  Barracks  
  75  5:21  Barracks  
  75  5:23  Marine x2  
  75  5:26  SCV x2  
  80  5:31  Engineering Bay  
  80  5:33  Engineering Bay  
  80  5:34  SCV  
  80  5:38  SCV  
  80  5:42  SCV  
  82  5:44  Supply Depot, Marine x2  
  82  5:46  SCV  
  85  5:50  SCV, Siege Tank  
  89  6:01  Marine  
  89  6:02  Marine  
  89  6:03  SCV x2  
  81  6:06  Marine  
  69  6:12  Marine  
  69  6:13  SCV  
  69  6:15  SCV x2  
  59  6:19  Marine x2  
  54  6:33  Siege Tank  
  54  6:37  Marine x2  
  54  6:38  SCV  
  59  6:40  SCV  
  59  6:45  Marine  
  60  6:47  SCV, Bunker  
  60  6:50  SCV, Barracks Tech Lab  
  60  6:52  SCV  
  62  6:55  Marine  
  62  6:57  Marine  
  62  6:59  SCV  
  64  7:02  SCV  
  64  7:03  Terran Infantry Weapons Level 1, Marine  
  64  7:04  Bunker  
  66  7:08  Cyclone  
  66  7:12  SCV x2  
  66  7:15  SCV  
  72  7:18  Marine x2  
  72  7:19  Supply Depot, Marine  
  72  7:20  Stimpack  
  75  7:24  SCV x2  
  75  7:27  Marine  
  75  7:29  Terran Infantry Armor Level 1  
  78  7:30  SCV  
  78  7:36  SCV x2, Marine  
  82  7:40  Starport  
  82  7:43  Marine  
  83  7:45  Marine  
  83  7:48  SCV x2  
  71  7:57  SCV  
  61  8:00  SCV  
  61  8:01  SCV  
  61  8:04  Marine x3  
  60  8:09  SCV  
  54  8:13  SCV  
  54  8:17  SCV  
  47  8:21  SCV  
  47  8:22  Marine x2  
  47  8:25  SCV  
  48  8:29  SCV, Marine  
  48  8:32  Marine  
  48  8:33  SCV  
  48  8:40  Marine x2  
  48  8:42  Factory Tech Lab  
  48  8:46  Marine  
  48  8:50  Marine  
  47  8:57  Marine  
  47  8:58  Marine  
  51  9:02  Siege Tank  
  51  9:05  Marine  
  51  9:08  Marine  
  46  9:15  Marine  
  31  9:26  Marine x3  
  31  9:46  Marine x3  
  31  9:48  Siege Tank  
  31  9:49  SCV x3  
  31  9:51  Marine  
  40  10:01  SCV x3  
  40  10:04  Marine x2  
  45  10:10  Marine  
  45  10:12  Combat Shields  
  45  10:13  SCV x2  
  49  10:14  SCV  
  49  10:25  SCV x2  
  49  10:26  Orbital Command  
  52  10:34  Marine x3  
  52  10:38  SCV x2  
  54  10:50  SCV x2  
  54  10:51  Factory Reactor  
  54  10:52  SCV  
  54  10:55  Marine x2  
  59  11:00  Marauder  
  59  11:02  Marauder  
  59  11:04  SCV x2  
  65  11:06  SCV  
  66  11:13  Marine x2  
  66  11:16  SCV  
  66  11:17  SCV, Starport  
  66  11:18  SCV  
  71  11:21  Marauder  
  73  11:28  SCV  
  73  11:30  SCV, Marine  
  73  11:31  Marine  
  77  11:33  Barracks x2, Widow Mine  
  77  11:35  SCV  
  77  11:39  Marine  
  80  11:40  SCV  
  80  11:42  Marauder  
  84  11:47  SCV x2, Missile Turret  
  84  11:49  Marauder  
  84  11:52  SCV  
  88  11:57  Marine x2  
  88  12:00  SCV x2  
  92  12:04  SCV  
  97  12:09  Marine  
  97  12:10  Marine  
  97  12:11  Factory Reactor  
  97  12:12  SCV x2, Supply Depot  
  97  12:13  Supply Depot  
  101  12:20  SCV  

Tags
 
Add a new tag
Caveats
  • Supply blocks, unpowered buildings, or Contaminate may cause inaccurate times.
  • Supply counts are checked every 10 seconds.